 Dungeon Crawl Stone Soup version 0.19.1-1-g22dce08 (webtiles) character file.

420196 Nakatomy the Crack Shot (level 22, -8/207 HPs)
             Began as a Centaur Hunter on Dec 28, 2016.
             Was a High Priest of Trog.
             Killed from afar by a spark wasp (19 damage)
             ... with a living lightning
             ... on level 5 of the Depths.
             The game lasted 03:56:29 (70600 turns).

Nakatomy the Crack Shot (Centaur Hunter)           Turns: 70600, Time: 03:56:30

Health: -8/207     AC: 43    Str: 16    XL:     22   Next: 63%
Magic:  22/22      EV:  0    Int: 10    God:    Trog [*****.]
Gold:   2492       SH:  3    Dex: 19    Spells: 0 memorised, 21 levels left

rFire  + + .     SeeInvis +     b - +8 glaive of the Guard {elec, +Rage AC+5 SInv}
rCold  + + .     Gourm    .     i - +0 gold dragon scales
rNeg   . . .     Faith    .     (shield currently unavailable)
rPois  +         Spirit   .     u - +2 hat {SInv}
rElec  .         Reflect  +     N - +0 cloak
rCorr  .         Harm     .     D - +2 pair of gloves
MR     +....                    z - +4 centaur barding {rC+}
Stlth  ..........               t - +3 amulet of reflection
                                O - +4 ring of slaying
                                E - ring of protection from fire

@: exhausted, slowed
A: hooves 3, deformed body, speed 2, tough skin 3
a: Berserk, Trog's Hand, Brothers in Arms, Burn Spellbooks, Renounce Religion,
Evoke Berserk Rage
}: 2/15 runes: serpentine, barnacled


You were on level 5 of the Depths.
You worshipped Trog.
Trog was extremely pleased with you.
You were not hungry.

You visited 8 branches of the dungeon, and saw 40 of its levels.
You also visited: Sewer and Ossuary.

You collected 4275 gold pieces.
You spent 1783 gold pieces at shops.

Inventory:

Hand Weapons
 a - a +9 longbow of velocity
 b - the +8 glaive of the Guard (weapon) {elec, +Rage AC+5 SInv}
   (You found it on level 2 of the Vaults)

   Occasionally, upon striking a foe, it will discharge some electrical energy
   and cause terrible harm.
   It affects your AC (+5).
   It lets you see invisible.
   It lets you go berserk.
 K - a +1 longbow of velocity
Missiles
 d - 932 arrows
Armour
 i - +0 gold dragon scales (worn)
 u - a +2 hat of see invisible (worn)
 z - a +4 centaur barding of cold resistance (worn)
 D - a +2 pair of gloves (worn)
 N - a +0 cloak (worn)
 X - the +0 robe of Vampiric Thralls {Regen+ rCorr}
   (You found it on level 1 of the Vaults)

   It increases your rate of regeneration.
   It protects you from acid and corrosion.
Rods
 c - a +3 iron rod (14/14)
   (You took it off a fire giant on level 2 of the Depths)
Jewellery
 t - a +3 amulet of reflection (around neck)
 E - a ring of protection from fire (left hand)
 M - an uncursed ring of protection from magic
 O - a +4 ring of slaying (right hand)
Wands
 j - a wand of hasting (4/9)
 A - a wand of disintegration (10/24)
 P - a wand of acid (8/15)
 Q - a wand of iceblast (8/15)
 S - a wand of digging (18/24)
 Z - a wand of disintegration (16/24)
Scrolls
 g - 3 scrolls of teleportation
 p - 8 scrolls of magic mapping
 q - 3 scrolls of holy word
 r - a scroll of fog
 v - a scroll of summoning
 x - 16 scrolls of remove curse
 y - 17 scrolls of identify
 G - 2 scrolls of enchant weapon
 I - 3 scrolls of silence
 J - 3 scrolls of blinking
 R - 3 scrolls of recharging
 T - 3 scrolls of fear
 V - 2 scrolls of enchant armour
Potions
 l - 9 potions of heal wounds
 m - 4 potions of ambrosia
 n - 19 potions of curing
 o - 6 potions of might
 s - 11 potions of brilliance
 w - 5 potions of flight
 B - 4 potions of haste
 C - 4 potions of lignification
 H - a potion of berserk rage
 U - 6 potions of invisibility
 W - 4 potions of magic
 Y - a potion of cure mutation
Comestibles
 f - 13 bread rations
 h - 11 meat rations
 k - 11 chunks of flesh
 F - a slice of pizza


   Skills:
 - Level 19.7 Fighting
   Level 4.9 Maces & Flails
 * Level 15.6 Polearms
 - Level 24.0 Bows
 + Level 18.4 Armour
 - Level 1.3 Dodging
 - Level 0.4 Stealth


You had 21 spell levels left.
You didn't know any spells.

Dungeon Overview and Level Annotations

Branches:
Dungeon (15/15)            Temple (1/1) D:6            Lair (6/6) D:10
 Shoals (4/4) Lair:4        Snake (4/4) Lair:3        Slime (0/5) Lair:5
    Orc (2/2) D:9             Elf (0/3) Orc:2        Vaults (3/5) D:13
 Depths (5/5) D:15
  Crypt: Vaults:2-3     Zot: Depths:5

Altars:
Elyvilon
Fedhas
Gozag
Nemelex Xobeh
Okawaru
Qazlal
Ru
Sif Muna
Trog
Uskayaw
Vehumet
Xom
Yredelemnul
The Shining One

Shops:
D:11 }   D:13 [   Orc:2 ?((}   Shoals:3 (   Depths:1 (}

Portals:
Hell: Depths:1 Depths:2 Depths:3 Depths:4
Abyss: Depths:3
Pandemonium: Depths:2 Depths:3 Depths:4
Ziggurat: Depths:4

Annotations:
D:7 exclusion: electric eel
Snake:2 1 exclusion
Vaults:1 exclusion: downstairs
Vaults:2 Mennas
Depths:2 exclusion: orange crystal statue


Innate Abilities, Weirdness & Mutations

You have hooves in place of feet.
Armour fits poorly on your strangely shaped body.
You cover ground very quickly.
You have extremely tough skin. (AC +3)


Message History

You cut the yaktaur into ribbons!!!
You kill the yaktaur!
Trog accepts your kill.
You slice the spark wasp!! Your kick misses the spark wasp.
The spark wasp is heavily wounded.
The spark wasp stings you but does no damage.
You slash the spark wasp! You kick the spark wasp.
The spark wasp is severely wounded.
You are no longer berserk.
You are exhausted.
You feel yourself slow down.
The spark wasp bursts into living lightning!
The living lightning hits you!
* * * LOW HITPOINT WARNING * * *
The spark wasp blinks!
The spark wasp bursts into living lightning!
The living lightning hits you!
* * * LOW HITPOINT WARNING * * *
The living lightning hits you!
You die...

.. .. '# .. ###+########
. #..())..#..# ((.
##...#...##@#..(..
#####..###y...'ยง'$(._..
#......# ##(((###......
##......# #.....#......
.'......# #.....# .....
.#.........#.....# ##'##
.#.......#'##....# ..#
.###'###'# .##...# .# ##
.... .'. .##..#


You could see a spark wasp.

Vanquished Creatures
  3 juggernauts
  A golden dragon (shapeshifter) (Depths:3)
  2 golden dragons
  A bone dragon (Depths:5)
  Jorgrun (Depths:5)
  2 tentacled monstrosities
  A lich (Depths:1)
  2 quicksilver dragons (Depths:2)
  A titan (Depths:2)
  Kirke (Snake:3)
  4 sphinxes
  Ilsuiw (Shoals:4)
  2 storm dragons (Depths:2)
  2 tengu reavers
  2 shadow dragons
  10 nagarajas
  9 fire giants
  A deep elf sorcerer (Depths:1)
  5 frost giants
  Louise (Shoals:3)
  7 vault wardens
  A draconian scorcher (Depths:5)
  A draconian shifter (Depths:5)
  2 war gargoyles
  A spriggan defender (Depths:3)
  16 very ugly things
  An entropy weaver (Vaults:2)
  5 ironheart preservers
  12 stone giants
  4 green draconians (Depths:5)
  3 vampire knights
  10 spark wasps
  Nessos (Lair:5)
  A yellow draconian (Depths:5)
  2 white draconians (Depths:5)
  4 fire dragons
  15 ettins
  8 merfolk impalers
  10 yaktaur captains
  4 merfolk javelineers
  6 great orbs of eyes
  4 vault guards
  10 ice dragons
  10 naga warriors
  6 rakshasas
  5 merfolk aquamancers
  10 spriggan air magi
  6 hydras
  17 centaur warriors
  16 anacondas
  A satyr (shapeshifter) (Depths:2)
  A merfolk avatar (Shoals:3)
  2 tengu warriors
  13 deep troll shamans
  An orc high priest (Orc:1)
  14 ogre magi
  9 deep troll earth magi
  2 vampire magi
  9 death yaks
  4 satyrs
  8 spriggan berserkers
  The ghost of kwasso the Slicer, a journeyman VSFi of Nemelex Xobeh (Snake:1)
  A soul eater (Depths:2)
  13 naga sharpshooters
  10 shock serpents
  A shadow wraith (Vaults:2)
  5 salamander mystics (Snake:4)
  16 skeletal warriors
  6 iron trolls
  A hell knight (Vaults:2)
  A flayed ghost (Depths:2)
  A fire crab (shapeshifter) (Depths:2)
  2 glowing orange brains
  A hill giant (shapeshifter) (Vaults:1)
  40 deep trolls
  An unseen horror (shapeshifter) (Depths:1)
  10 sea snakes
  6 unseen horrors
  7 wizards
  A torturous demonspawn (Depths:2)
  4 lindwurms (Snake:4)
  7 orc knights
  A shadow demon (Depths:2)
  5 naga ritualists
  16 hill giants
  Pikel (D:5)
  19 harpies
  5 phantasmal warriors
  3 necromancers
  2 fire giant zombies
  7 ironbrand convokers
  5 orc sorcerers
  2 deep elf magi
  17 ugly things
  4 wolf spiders
  10 mana vipers
  11 manticores
  5 salamanders
  6 cyclopes
  12 fauns
  30 black mambas
  10 elephants
  4 water nymphs
  5 centaur zombies
  7 sirens
  The ghost of lupus83 the Thaumaturge, a novice DEFE of Vehumet (D:6)
  9 guardian serpents
  22 naga magi
  6 vault sentinels
  An orange demon (Depths:2)
  7 spiny frogs
  A rime drake (Lair:3)
  6 gargoyles
  31 yaktaurs
  A spiny frog (shapeshifter) (Vaults:2)
  A kobold demonologist (D:11)
  An efreet (D:13)
  A hellwing (Depths:2)
  7 komodo dragons
  3 freezing wraiths
  6 tengu conjurers
  A queen bee (shapeshifter) (Vaults:2)
  15 merfolk
  A jumping spider (shapeshifter) (D:13)
  5 polar bears
  8 trolls
  3 meliai (D:13)
  The ghost of marsu the Cleaver, an amateur HOFi (D:4)
  A polar bear (shapeshifter) (Depths:3)
  5 wind drakes
  22 two-headed ogres
  20 slime creatures
  7 hornets
  16 blink frogs
  14 hippogriffs
  An ettin zombie (D:15)
  Grinder (D:5)
  2 human simulacra
  2 deep troll zombies
  15 dream sheep
  7 snapping turtles
  2 air elementals (Depths:3)
  3 shadows
  A deep troll skeleton (D:15)
  5 wraiths
  A vampire (D:12)
  2 redbacks
  18 spriggans
  A human (shapeshifter) (Vaults:2)
  28 water elementals
  A wyvern (shapeshifter) (Depths:2)
  2 wyverns
  A fire bat (shapeshifter) (Vaults:1)
  3 hogs (Snake:1)
  2 hungry ghosts
  2 basilisks
  22 yaks
  3 steam dragons
  An elf skeleton (Vaults:1)
  4 mottled dragons
  2 wargs (Orc:2)
  Edmund (D:5)
  34 nagas
  13 water moccasins
  5 porcupines
  A swamp drake (D:9)
  5 ice beasts
  28 orc warriors
  4 phantoms
  4 black bears
  3 human zombies
  An eye of draining (D:14)
  2 sky beasts (D:6)
  2 slaves (D:5)
  19 boggarts
  73 ogres
  20 wolves
  24 centaurs
  12 crocodiles
  3 big kobolds
  Blork the orc (D:5)
  An elf zombie (Ossuary)
  17 bullfrogs
  2 gnoll sergeants
  A wyvern zombie (D:8)
  A water moccasin zombie (D:12)
  A wyvern skeleton (D:8)
  6 scorpions
  A water moccasin skeleton (D:10)
  8 killer bees
  7 wights
  11 electric eels
  7 howler monkeys
  2 bullfrog zombies
  11 crimson imps
  8 jellies
  3 quasits
  12 centaur skeletons
  8 hounds
  15 orc priests
  3 bullfrog skeletons
  6 iguanas
  25 orc wizards
  9 worker ants
  A killer bee zombie (D:10)
  A big kobold zombie (Ossuary)
  2 hound skeletons
  A howler monkey zombie (D:7)
  Robin (D:4)
  3 mummies (Ossuary)
  12 gnolls
  A howler monkey skeleton (D:6)
  12 adders
  4 river rats (Sewer)
  4 shadow imps
  2 white imps
  5 oozes
  An ufetubus (Vaults:1)
  An adder skeleton (D:6)
  An adder zombie (D:8)
  A worm (D:4)
  3 dart slugs
  4 leopard geckos
  121 orcs
  6 giant cockroaches
  19 goblins
  11 hobgoblins
  11 jackals
  4 quokkas
  12 ball pythons
  A ball python skeleton (D:4)
  7 bats
  7 frilled lizards
  A gnoll zombie (Ossuary)
  2 goblin zombies (Ossuary)
  4 hobgoblin zombies (Ossuary)
  A jackal zombie (D:6)
  24 kobolds
  2 orc zombies
  A quokka skeleton (D:5)
  27 rats
  7 plants
1739 creatures vanquished.

Vanquished Creatures (collateral kills)
  A juggernaut (Depths:2)
  A golden dragon (Depths:2)
  A sphinx (Depths:2)
  3 storm dragons
  A tengu reaver (Depths:2)
  A stone giant (Depths:2)
  2 ironheart preservers
  A spark wasp (Depths:2)
  A naga warrior (Snake:4)
  A yaktaur captain (Depths:2)
  A satyr (Shoals:4)
  A deep troll earth mage (Vaults:1)
  2 spriggan berserkers (Depths:2)
  2 deep trolls (Vaults:1)
  A naga ritualist (Snake:4)
  3 harpies (Vaults:1)
  A salamander (Snake:2)
  A black mamba (Snake:4)
  A vault sentinel (Vaults:1)
  2 rime drakes (Shoals:4)
  2 yaktaurs (Vaults:1)
  A freezing wraith (Vaults:1)
  2 wind drakes (Shoals:4)
  A hornet (shapeshifter) (Vaults:1)
  A water elemental (Depths:2)
  A spriggan (Lair:6)
  A steam dragon (Shoals:4)
  2 ogres (Vaults:1)
  3 wolves (Lair:6)
  A boggart (Vaults:2)
43 creatures vanquished.

Vanquished Creatures (others)
  A mana viper (Snake:1)
  A boggart (Vaults:1)
  A kobold (D:14)
  27 fungi
  37 plants
67 creatures vanquished.

Grand Total: 1849 creatures vanquished

Notes
Turn   | Place    | Note
-------+----------+-------------------------------------------
     0 | D:1      | Nakatomy the Centaur Hunter began the quest for the Orb.
     0 | D:1      | Reached XP level 1. HP: 17/17 MP: 1/1
   141 | D:1      | Reached XP level 2. HP: 10/25 MP: 2/2
   487 | D:1      | Found a sparkling altar of Nemelex Xobeh.
  1433 | D:2      | Reached skill level 6 in Bows
  1433 | D:2      | Reached XP level 3. HP: 26/30 MP: 3/3
  2084 | D:2      | Reached XP level 4. HP: 37/38 MP: 4/4
  2654 | D:3      | Reached skill level 7 in Bows
  2654 | D:3      | Reached XP level 5. HP: 38/46 MP: 5/5
  3314 | D:4      | Noticed Robin
  3731 | D:4      | Reached skill level 8 in Bows
  3817 | D:4      | Got a crystal whip
  3841 | D:4      | Killed Robin
  3875 | D:4      | Reached XP level 6. HP: 52/52 MP: 6/6
  4007 | D:4      | Noticed marsu's ghost (amateur HOFi)
  4096 | D:4      | Killed marsu's ghost
  4096 | D:4      | Reached skill level 9 in Bows
  4096 | D:4      | Reached XP level 7. HP: 48/60 MP: 7/7
  4526 | D:4      | Reached skill level 5 in Fighting
  4633 | D:5      | Entered Level 5 of the Dungeon
  4641 | D:5      | Reached skill level 10 in Bows
  4739 | D:5      | Found a glowing drain.
  4746 | Sewer    | Entered a sewer
  5578 | D:5      | Noticed Edmund
  5586 | D:5      | Killed Edmund
  5586 | D:5      | Reached skill level 11 in Bows
  5586 | D:5      | Reached XP level 8. HP: 70/70 MP: 8/8
  5751 | D:5      | Identified the +10 whip of Conservatism {drain, Dex+2} (You found it on level 4 of the Dungeon)
  5902 | D:5      | Noticed Blork the orc
  5916 | D:5      | Killed Blork the orc
  5916 | D:5      | Reached skill level 1 in Maces & Flails
  5974 | D:5      | Noticed Grinder
  5981 | D:5      | Killed Grinder
  6047 | D:5      | Reached skill level 12 in Bows
  6110 | D:5      | Found an opulent altar of Gozag.
  6929 | D:5      | Noticed Pikel
  6983 | D:5      | Killed Pikel
  6983 | D:5      | Reached XP level 9. HP: 79/79 MP: 9/9
  7124 | D:6      | Reached skill level 13 in Bows
  7177 | D:6      | Noticed lupus83's ghost (novice DEFE)
  7201 | D:6      | Found a staircase to the Ecumenical Temple.
  7217 | D:6      | Killed lupus83's ghost
  7219 | Temple   | Entered the Ecumenical Temple
  7251 | Temple   | Became a worshipper of Trog the Wrathful
  7346 | D:6      | Found a sand-covered staircase.
  7363 | Ossuary  | Entered an ossuary
  8301 | D:6      | Reached skill level 1 in Armour
  8574 | D:6      | Reached * piety under Trog
  9194 | D:7      | Reached XP level 10. HP: 79/88 MP: 10/10
  9803 | D:7      | Reached skill level 14 in Bows
  9875 | D:7      | Got a bone halberd
  9876 | D:7      | Identified the +2 halberd of Waovoil {chop, Int+3} (You found it on level 7 of the Dungeon)
 10346 | D:8      | Reached ** piety under Trog
 11002 | D:9      | Noticed a hill giant
 11015 | D:9      | Killed a hill giant
 11333 | D:9      | Reached *** piety under Trog
 11373 | D:9      | Found a staircase to the Orcish Mines.
 11577 | D:9      | Received a gift from Trog
 11996 | D:9      | Reached XP level 11. HP: 99/99 MP: 11/11
 12125 | D:10     | Entered Level 10 of the Dungeon
 12303 | D:10     | Noticed a centaur warrior
 12319 | D:10     | Reached skill level 10 in Fighting
 12324 | D:10     | Reached skill level 5 in Armour
 12370 | D:10     | Killed a centaur warrior
 12533 | D:10     | Found a staircase to the Lair.
 12634 | D:10     | Noticed a hill giant
 12691 | D:10     | Killed a hill giant
 12775 | D:10     | Noticed a cyan ugly thing
 12831 | D:10     | Killed a cyan ugly thing
 13145 | D:10     | Reached **** piety under Trog
 14072 | D:11     | Noticed a five-headed hydra
 14083 | D:11     | Killed a five-headed hydra
 14248 | D:11     | Noticed an eight-headed hydra
 14266 | D:11     | Killed an eight-headed hydra
 14594 | D:11     | Noticed a hill giant
 14608 | D:11     | Killed a hill giant
 14723 | D:11     | Reached XP level 12. HP: 112/112 MP: 12/12
 15009 | D:11     | Found Nuvat's Gadget Emporium.
 15294 | Lair:1   | Entered Level 1 of the Lair of Beasts
 17196 | Lair:3   | Found a staircase to the Snake Pit.
 17734 | Lair:3   | You fall through a shaft for 3 floors!
 17734 | Lair:6   | Entered Level 6 of the Lair of Beasts
 17887 | Lair:5   | Reached ***** piety under Trog
 17887 | Lair:5   | Received a gift from Trog
 18131 | Lair:5   | Noticed Nessos
 18160 | Lair:5   | Found a staircase to the Slime Pits.
 18180 | Lair:5   | Received a gift from Trog
 18348 | Lair:5   | Killed Nessos
 18608 | Lair:5   | Noticed a death yak
 18616 | Lair:5   | Noticed a death yak
 18650 | Lair:5   | Killed a death yak
 18701 | Lair:5   | Noticed a death yak
 18702 | Lair:5   | Noticed a death yak
 18703 | Lair:5   | Noticed a death yak
 18703 | Lair:5   | Noticed a death yak
 18744 | Lair:5   | Killed a death yak
 18763 | Lair:5   | Killed a death yak
 18763 | Lair:5   | Reached skill level 15 in Bows
 18784 | Lair:5   | Killed a death yak
 18784 | Lair:5   | Reached XP level 13. HP: 120/122 MP: 13/13
 19523 | Lair:4   | Received a gift from Trog
 19523 | Lair:4   | Reached skill level 16 in Bows
 20174 | Lair:4   | Found a staircase to the Shoals.
 20555 | Lair:6   | Reached skill level 17 in Bows
 21046 | Lair:6   | Reached skill level 18 in Bows
 21060 | Lair:6   | Received a gift from Trog
 21499 | Lair:6   | Reached skill level 19 in Bows
 21526 | Lair:6   | Received a gift from Trog
 21655 | Lair:6   | Reached XP level 14. HP: 129/129 MP: 14/14
 22253 | Lair:6   | Reached skill level 20 in Bows
 22931 | Orc:1    | Entered Level 1 of the Orcish Mines
 23069 | Orc:1    | Received a gift from Trog
 23589 | Orc:2    | Entered Level 2 of the Orcish Mines
 23597 | Orc:2    | Received a gift from Trog
 23749 | Orc:2    | Found a staircase to the Elven Halls.
 23883 | Orc:2    | Received a gift from Trog
 23957 | Orc:2    | Reached skill level 10 in Armour
 23958 | Orc:2    | Reached ****** piety under Trog
 24012 | Orc:2    | Found Anisoa's Gadget Shoppe.
 24012 | Orc:2    | Found Ufonocem's Antique Weapon Shop.
 24012 | Orc:2    | Found Fadig's Weapon Shop.
 24012 | Orc:2    | Found Tacseor's Magic Scroll Emporium.
 24022 | Orc:2    | Received a gift from Trog
 24779 | Snake:1  | Entered Level 1 of the Snake Pit
 25073 | Shoals:1 | Entered Level 1 of the Shoals
 26084 | D:12     | Reached skill level 15 in Fighting
 26551 | D:12     | Reached XP level 15. HP: 141/141 MP: 15/15
 26731 | D:9      | Received a gift from Trog
 27738 | D:13     | Received a gift from Trog
 27875 | D:13     | Found Exof Loo's Antique Armour Boutique.
 28375 | D:13     | Found a gate to the Vaults.
 28796 | D:14     | Found a runed door.
 28851 | D:14     | Noticed a storm dragon
 29183 | D:14     | Killed a storm dragon
 29342 | D:14     | Received a gift from Trog
 30016 | D:14     | Received a gift from Trog
 30108 | D:14     | Got an uncursed crude hand axe {freeze}
 30109 | D:14     | Identified the +5 hand axe of Voabipi {freeze, rC- Str+2 Dex+7} (You took it off a yaktaur captain on level 14 of the Dungeon)
 30287 | D:15     | Entered Level 15 of the Dungeon
 30386 | D:15     | Received a gift from Trog
 31075 | D:15     | Found a staircase to the Depths.
 32920 | Shoals:1 | Reached XP level 16. HP: 149/149 MP: 16/16
 32924 | Shoals:1 | Received a gift from Trog
 33609 | Shoals:2 | Received a gift from Trog
 34224 | Shoals:3 | Received a gift from Trog
 34451 | Shoals:3 | Noticed Louise
 34479 | Shoals:3 | Killed Louise
 34594 | Shoals:3 | Reached skill level 21 in Bows
 34920 | Shoals:3 | Found Jonap's Antique Weapon Shoppe.
 35280 | Shoals:4 | Entered Level 4 of the Shoals
 35371 | Shoals:4 | Received a gift from Trog
 35655 | Shoals:4 | Noticed Ilsuiw
 36591 | Shoals:4 | Received a gift from Trog
 36597 | Shoals:4 | Killed Ilsuiw
 36632 | Shoals:4 | Got a transparent scale mail
 36654 | Shoals:3 | Identified the +1 scale mail of the Furies {Dex+2} (You found it on level 4 of the Shoals)
 37141 | Shoals:4 | Received a gift from Trog
 37432 | Shoals:4 | Got a barnacled rune of Zot
 37728 | Shoals:4 | Received a gift from Trog
 38231 | Vaults:1 | Entered Level 1 of the Vaults
 38358 | Vaults:1 | Got a brightly glowing robe
 38369 | Vaults:1 | Identified the +0 robe of Vampiric Thralls {Regen+ rCorr} (You found it on level 1 of the Vaults)
 38666 | Vaults:1 | Reached XP level 17. HP: 156/159 MP: 17/17
 39430 | Vaults:1 | Reached skill level 22 in Bows
 39529 | Vaults:1 | Received a gift from Trog
 39876 | Vaults:1 | Received a gift from Trog
 41260 | Vaults:1 | Received a gift from Trog
 41778 | Vaults:2 | Reached XP level 18. HP: 164/170 MP: 18/18
 41796 | Vaults:2 | Received a gift from Trog
 42015 | Vaults:2 | Received a gift from Trog
 42077 | Vaults:2 | Reached skill level 23 in Bows
 42299 | Vaults:2 | Received a gift from Trog
 42383 | Vaults:2 | Reached skill level 15 in Armour
 42417 | Vaults:2 | Received a gift from Trog
 42870 | Vaults:2 | Received a gift from Trog
 42931 | Vaults:2 | Paralysed by a great orb of eyes for 6 turns
 43236 | Vaults:2 | Received a gift from Trog
 43424 | Vaults:1 | Paralysed by an ogre mage for 5 turns
 44516 | Vaults:3 | Noticed Mennas
 45667 | Snake:1  | Noticed Kirke
 46165 | Snake:1  | Noticed kwasso's ghost (journeyman VSFi)
 46173 | Snake:1  | Killed kwasso's ghost
 46235 | Snake:1  | Received a gift from Trog
 46252 | Snake:1  | HP: 6/173 [nagaraja/spear (5)]
 46771 | Snake:1  | Received a gift from Trog
 48706 | Snake:3  | Reached XP level 19. HP: 181/181 MP: 19/19
 48742 | Snake:3  | Identified a scroll of acquirement
 48979 | Snake:3  | Killed Kirke
 49247 | Snake:3  | Reached skill level 24 in Bows
 49466 | Snake:4  | Entered Level 4 of the Snake Pit
 49894 | Snake:4  | Received a gift from Trog
 50281 | Snake:4  | Received a gift from Trog
 50635 | Snake:4  | Received a gift from Trog
 51213 | Snake:4  | Received a gift from Trog
 52115 | Snake:4  | Got a serpentine rune of Zot
 52416 | Lair:1   | Upgraded the game from 0.19.1 to 0.19.1-1-g22dce08
 53044 | Orc:2    | Bought a scroll of acquirement for 884 gold pieces
 53296 | D:13     | Bought a shiny plate armour for 899 gold pieces
 53385 | Depths:1 | Entered Level 1 of the Depths
 53396 | D:15     | Reached skill level 1 in Polearms
 53991 | Depths:1 | Reached XP level 20. HP: 146/193 MP: 20/20
 54288 | Depths:1 | Reached skill level 5 in Polearms
 54354 | D:15     | Received a gift from Trog
 55100 | Depths:1 | Received a gift from Trog
 55302 | Depths:1 | Found a gateway to Hell.
 55566 | Depths:1 | Received a gift from Trog
 55710 | Depths:1 | Found Ifajeg's Gadget Boutique.
 55745 | Depths:1 | Found Woupeipn's Antique Weapon Boutique.
 56807 | Depths:2 | Noticed a golden dragon
 57702 | Depths:2 | Killed a golden dragon
 57711 | Depths:2 | Reached skill level 10 in Polearms
 58513 | Depths:2 | Received a gift from Trog
 59277 | Depths:2 | Found a one-way gate leading to the halls of Pandemonium.
 60170 | Depths:2 | Received a gift from Trog
 60391 | Depths:2 | Noticed a golden dragon
 60426 | Depths:2 | Killed a golden dragon
 60571 | Depths:2 | Reached XP level 21. HP: 200/200 MP: 21/21
 60606 | Depths:2 | Noticed a juggernaut
 60642 | Depths:2 | Killed a juggernaut
 61916 | Depths:2 | Noticed a juggernaut
 61930 | Depths:2 | Killed a juggernaut
 63768 | Depths:2 | Noticed a juggernaut
 63780 | Depths:2 | Killed a juggernaut
 65368 | Depths:3 | Paralysed by a sphinx for 5 turns
 65475 | Depths:3 | Found a one-way gate to the infinite horrors of the Abyss.
 65770 | Depths:3 | Noticed a juggernaut
 65773 | Depths:3 | Received a gift from Trog
 66890 | Depths:3 | Received a gift from Trog
 66989 | Depths:3 | Noticed a golden dragon
 66990 | Depths:3 | a golden dragon changed into a shadow dragon
 66994 | Depths:3 | Noticed a golden dragon
 66994 | Depths:3 | a shadow dragon changed into a golden dragon
 66998 | Depths:3 | Killed a golden dragon
 67106 | Depths:3 | Killed a juggernaut
 67267 | Depths:3 | Reached XP level 22. HP: 166/207 MP: 22/22
 67485 | Depths:3 | Received a gift from Trog
 68320 | Depths:4 | Found a gateway to a ziggurat.
 68808 | Depths:5 | Entered Level 5 of the Depths
 69473 | Depths:5 | Noticed Jorgrun
 69485 | Depths:5 | Killed Jorgrun
 69523 | Depths:5 | Reached skill level 15 in Polearms
 69922 | Depths:5 | Noticed a golden dragon
 69932 | Depths:5 | Killed a golden dragon
 70357 | Depths:5 | Paralysed by a great orb of eyes for 3 turns
 70382 | Depths:5 | Received a gift from Trog
 70568 | Depths:5 | Found a hide-covered altar of Uskayaw.
 70600 | Depths:5 | Killed from afar by a spark wasp

Skill      XL: |  1  2  3  4  5  6  7  8  9 10 11 12 13 14 15 16 17 18 19 20 21 22 |
---------------+-------------------------------------------------------------------+-----
Bows           | 6 7 8 9 11 12 13 14 15 19 20 21 22 23 24 | 24.0
Fighting       | 3 4 5 7 8 9 11 13 15 16 17 18 19 | 19.7
Maces & Flails | 3 4 |  4.9
Armour         | 2 4 7 9 10 13 14 15 16 17 18 | 18.4
Polearms       | 3 11 13 15 | 15.6
Dodging        | |  1.3
Stealth        | |  0.4

Action                   |  1- 3 |  4- 6 |  7- 9 | 10-12 | 13-15 | 16-18 | 19-21 | 22-24 || total
-------------------------+-------+-------+-------+-------+-------+-------+-------+-------++-------
Melee: Short sword       |   126 |    84 |       |       |       |       |       |       ||   210
       Kick              |    25 |    23 |    37 |    34 |    21 |    52 |    81 |    44 ||   317
       Dagger            |       |    13 |    97 |       |       |       |       |       ||   110
       Whip              |       |       |    55 |    58 |    44 |   104 |       |       ||   261
       Longbow           |       |       |       |       |     1 |     3 |       |       ||     4
       Glaive            |       |       |       |       |       |       |   213 |   136 ||   349
 Fire: Shortbow          |    31 |   125 |   350 |  1025 |     4 |    11 |       |       ||  1546
       Longbow           |       |       |       |    45 |  1528 |  1637 |  1448 |   328 ||  4986
Invok: Trog's Hand       |       |       |       |     1 |     3 |     9 |     1 |       ||    14
       Berserk           |       |       |       |     1 |     2 |     4 |     4 |     2 ||    13
       Burn Spellbooks   |       |       |       |     2 |     3 |     2 |     1 |       ||     8
       Brothers in Arms  |       |       |       |       |     2 |    10 |     9 |       ||    21
Evoke: Wand              |       |       |       |       |       |     5 |       |       ||     5
  Use: Scroll            |       |     9 |     6 |     9 |    11 |    16 |    17 |     2 ||    70
       Potion            |       |       |       |     2 |       |    11 |     3 |       ||    16
  Eat: Chunk             |     3 |     5 |    11 |    19 |    37 |    25 |    12 |       ||   112
       Beef jerky        |       |       |     1 |       |       |     1 |     1 |     1 ||     4
       Royal jelly       |       |       |       |     2 |       |       |       |       ||     2
       Fruit             |       |       |       |       |     1 |    25 |    27 |     4 ||    57
       Pizza             |       |       |       |       |       |     1 |     1 |       ||     2
       Meat ration       |       |       |       |       |       |       |     5 |     1 ||     6
Armor: Leather armour    |    34 |    48 |    69 |       |       |       |       |       ||   151
       Scale mail        |       |       |     1 |    15 |     9 |       |       |       ||    25
       Chain mail        |       |       |       |   117 |   380 |   510 |   116 |       ||  1123
       Robe              |       |       |       |       |       |    49 |       |       ||    49
       Plate armour      |       |       |       |       |       |       |   127 |       ||   127
       Gold dragon scale |       |       |       |       |       |       |   321 |   192 ||   513
Dodge: Dodged            |    58 |    63 |    84 |    28 |    74 |   132 |    51 |     6 ||   496
Block: Other             |       |       |       |       |       |       |    31 |    10 ||    41
       Reflection        |       |       |       |       |       |       |     7 |     2 ||     9
